 Dungeon Crawl Stone Soup version 0.28-b1-25-g9875b3fc8c (webtiles) character file.

Game seed: 18171440815422550868

22696 inmateoo the Basher (level 13, -1/82 HPs)
             Began as a Gargoyle Fighter on Feb 6, 2022.
             Was a High Priest of Okawaru.
             Killed by divine providence
             ... invoked by a meliai
              (11 damage)
             ... on level 12 of the Dungeon.
             The game lasted 00:15:57 (16099 turns).

inmateoo the Basher (Gargoyle Fighter)             Turns: 16099, Time: 00:15:57

Health: -1/82      AC: 22    Str: 22    XL:     13   Next: 1%
Magic:  18/18      EV: 12    Int: 10    God:    Okawaru [*****.]
Gold:   140        SH: 14    Dex: 17    Spells: 12/12 levels left

rFire   + . .      SeeInvis .   y - +4 flail (drain)
rCold   + . .      Faith    .   E - +2 kite shield
rNeg    + + .      Spirit   .   G - +1 scale mail {rF+}
rPois   ∞          Reflect  .   (no helmet)
rElec   +          Harm     .   l - +0 cloak
rCorr   .          Rampage  .   D - +0 pair of gloves of Crawling {rN+}
Will    .....                   (no boots)
Stlth   ..........              (no amulet)
HPRegen 0.23/turn               p - ring of protection from cold
MPRegen 0.16/turn               u - +6 ring of dexterity

@: about to teleport
A: sickness immunity, AC +9, negative energy resistance 1, electricity
resistance, torment resistance 1, petrification resistance
a: Renounce Religion, Heroism, Finesse, Duel


You were on level 12 of the Dungeon.
You worshipped Okawaru.
Okawaru was extremely pleased with you.
You visited 2 branches of the dungeon, and saw 13 of its levels.

You collected 736 gold pieces.
You spent 596 gold pieces at shops.

Inventory:

Hand Weapons
 k - a +0 morningstar
 y - a +4 flail of draining (weapon)
Armour
 l - a +0 cloak (worn)
 D - the +0 pair of gloves of Crawling (worn) {rN+}
   (You bought it in a shop on level 9 of the Dungeon)

   rN:        It protects you from negative energy.
 E - a +2 kite shield (worn)
 G - a +1 scale mail of fire resistance (worn)
Jewellery
 a - a ring of fire
 b - a ring of ice
 p - a ring of protection from cold (left hand)
 u - a +6 ring of dexterity (right hand)
 B - a ring of positive energy
 C - a ring of see invisible
Wands
 c - a wand of iceblast (3)
 g - a wand of mindburst (5)
 w - a wand of flame (8)
Scrolls
 i - a scroll of enchant weapon
 j - a scroll of fog
 s - 4 scrolls of teleportation
 t - 7 scrolls of identify
 F - 3 scrolls of enchant armour
Potions
 d - 3 potions of might
 e - a potion of heal wounds
 f - 3 potions of haste
 h - 3 potions of curing
 m - 3 potions of mutation
 n - 2 potions of resistance
 o - 2 potions of magic
 q - 3 potions of lignification
 r - 5 potions of cancellation
 v - 2 potions of flight
 x - 2 potions of brilliance
 A - a potion of invisibility


   Skills:
 + Level 9.9 Fighting
 * Level 12.1 Maces & Flails
 + Level 9.8 Armour
 + Level 6.9 Dodging
 + Level 9.8 Shields
 + Level 7.0 Invocations


You had 12 spell levels left.
You didn't know any spells.
Your spell library contained the following spells:

 Spells                   Type           Power      Damage    Failure   Level
 Corpse Rot               Necr/Air       0%         N/A       96%         2
 Ensorcelled Hibernation  Hex/Ice        0%         N/A       96%         2
 Passwall                 Tmut/Erth      0%         N/A       96%         2
 Poisonous Vapours        Pois/Air       0%         N/A       96%         2
 Static Discharge         Conj/Air       0%         N/A       96%         2
 Mephitic Cloud           Conj/Pois/Air  0%         N/A       99%         3
 Spider Form              Tmut/Pois      0%         N/A       99%         3
 Swiftness                Air            0%         N/A       99%         3
 Anguish                  Hex/Necr       0%         N/A       100%        4
 Dispel Undead            Necr           0%         3d6       100%        4
 Sticky Flame             Conj/Fire      0%         2d3       100%        4
 Iskenderun's Battlesphe  Conj           0%         2d6       100%        5
 Dispersal                Tloc           0%         N/A       100%        6
 Iron Shot                Conj/Erth      0%         9d1       100%        6
 Death Channel            Necr           Unusable   N/A       N/A         6
 Spellforged Servitor     Conj/Summ      Unusable   N/A       N/A         7

Dungeon Overview and Level Annotations

Branches:
Dungeon (12/15)            Temple (1/1) D:4            Lair (0/6) D:10
    Orc (0/2) D:12

Altars:
Ashenzari
Cheibriados
Dithmenos
Elyvilon
Fedhas
Gozag
Hepliaklqana
Kikubaaqudgha
Makhleb
Nemelex Xobeh
Okawaru
Qazlal
Ru
Sif Muna
Trog
Uskayaw
Vehumet
Wu Jian
Xom
Yredelemnul
Zin
The Shining One

Shops:
D:2 *   D:4 :   D:7 *   D:9 [   D:10 [   D:11 =


Innate Abilities, Weirdness & Mutations

You are immune to sickness and miasma.
Your stone body is resilient. (AC +9)
You are immune to poison.
You resist negative energy. (rN+)
You are resistant to electric shocks. (rElec)
You are resistant to unholy torment.
You are immune to petrification.


Message History

The splash of acid hits you.
The meliai moves out of view.
You hear a roar!
You hit the acid dragon.
The acid dragon is almost dead.
You block the acid dragon's attack. x2
You sock the acid dragon!
You kill the acid dragon!
Okawaru accepts your kill.
The acid dragon scales are intact enough to wear.
Aiming: Iceblast
Press: ? - help, Shift-Dir - straight line, f - meliai
Aim: a meliai, wielding a +0 hand axe and wearing a +0 leather armour The mass of ice explodes!
The iceblast engulfs the meliai!
The meliai is moderately wounded.
A storm dragon comes into view.
The meliai hits you with a +0 hand axe! The meliai stings you.
You hit the meliai but do no damage. You drain the meliai.
The meliai is heavily wounded.
The meliai invokes the aid of its god against you.
Something smites you!
You hear a roar!
Okay, then.
As you read the scroll of teleportation, it crumbles to dust.
You feel strangely unstable. The storm dragon closely misses you.
The storm dragon claws you. The storm dragon tramples you.
* * * LOW HITPOINT WARNING * * *
You hold your ground!
Okay, then.
You sock the storm dragon!
The storm dragon is lightly wounded.
The meliai invokes the aid of its god against you.
Something smites you!
* * * LOW HITPOINT WARNING * * *
The storm dragon breathes lightning at you.
The bolt of lightning misses you.
A six-headed hydra comes into view.
You see here a +2 scimitar of flaming.
The meliai invokes the aid of its god against you.
Something smites you!
You die...

#....#. #...... #
###.... #. #..## #.
######.)## #..
..........J
##'##################.##
#...#...#...# #J##
#..DyD)@'...# #.#)
#...#...#...# #.†.
##########'## #... #.#
#...##(# ##.. #.#
##.###(# #####. #.# #.#
#.# #..... #.#### #.#
#.# #.###. #....# #.#
#.# #.# #( ####.# #.#
#.# #.# ##


You could see a storm dragon (catching breath), a six-headed hydra and a meliai
(drained).

Vanquished Creatures
  Fannar (D:11)
  A centaur warrior (D:12)
  2 hydras (D:12)
  Erica (D:8)
  A tengu warrior (D:9)
  7 two-headed ogres
  3 death yaks
  Pikel (D:4)
  An ugly thing (D:11)
  2 manticores (D:12)
  2 cyclopes
  An unseen horror (D:9)
  3 kobold demonologists
  An efreet (D:12)
  A tengu conjurer (D:9)
  3 trolls
  A hornet (D:10)
  2 slime creatures
  A meliai zombie (D:11)
  A centaur simulacrum (D:12)
  2 shadows
  2 wyverns (D:10)
  A vampire (D:12)
  5 yaks (D:10)
  4 vampire mosquitoes (D:12)
  3 acid dragons
  A meliai simulacrum (D:10)
  An ice beast (D:5)
  2 sky beasts
  4 orc warriors
  A black bear (D:6)
  4 necrophages
  3 ogres (D:4)
  6 centaurs
  2 lemures (D:3)
  5 kobold brigands
  Blork the orc (D:6)
  2 gnoll sergeants (D:11)
  2 bullfrogs
  3 scorpions
  A wyvern zombie (D:7)
  A water moccasin zombie (D:7)
  11 killer bees (D:9)
  13 wights
  2 howler monkeys
  2 bullfrog zombies (D:6)
  3 centaur zombies
  A hound (D:5)
  A jelly (D:6)
  7 orc priests
  Crazy Yiuf (D:3)
  Jessica (D:3)
  2 bullfrog skeletons
  2 centaur skeletons
  2 hell rats
  7 iguanas
  3 orc wizards
  A hound skeleton (D:5)
  10 gnolls
  A river rat (D:10)
  4 adders
  A shadow imp (D:7)
  A white imp (D:6)
  3 ufetubi
  4 worms
  2 dart slugs (D:2)
  25 orcs
  8 endoplasms
  5 giant cockroaches
  8 hobgoblins
  6 quokkas
  6 ball pythons
  2 bats
  3 frilled lizards
  10 goblins
  21 kobolds
  7 rats
278 creatures vanquished.

Vanquished Creatures (others)
  Maurice (D:11)
  An orc wizard (D:9)
2 creatures vanquished.

Grand Total: 280 creatures vanquished

Notes
Turn   | Place    | Note
-------+----------+-------------------------------------------
     0 | D:1      | inmateoo the Gargoyle Fighter began the quest for the Orb.
     0 | D:1      | Reached XP level 1. HP: 14/14 MP: 1/1
   126 | D:1      | Reached XP level 2. HP: 8/19 MP: 2/2
   895 | D:1      | Reached XP level 3. HP: 19/23 MP: 3/3
  1353 | D:2      | Found Jyrih's Assorted Antiques.
  1373 | D:2      | Bought a scroll labelled HUOG ASEBIMPULAPP for 29 gold
                  | pieces
  1427 | D:2      | Reached XP level 4. HP: 15/29 MP: 4/4
  1529 | D:2      | Reached skill level 3 in Maces & Flails
  1858 | D:3      | Reached skill level 1 in Dodging
  2016 | D:3      | Found a faded altar of an unknown god.
  2148 | D:3      | Found a runed translucent door.
  2149 | D:3      | Noticed Crazy Yiuf
  2160 | D:3      | Killed Crazy Yiuf
  2291 | D:3      | Reached XP level 5. HP: 33/33 MP: 5/5
  2507 | D:3      | Noticed Jessica
  2520 | D:3      | Killed Jessica
  2604 | D:4      | Noticed an ogre
  2846 | D:4      | Noticed Pikel
  2846 | D:4      | Noticed a lemure
  2846 | D:4      | Noticed a lemure
  2846 | D:4      | Noticed a lemure
  2846 | D:4      | Noticed a lemure
  2881 | D:3      | Killed a lemure
  2887 | D:3      | Killed a lemure
  3111 | D:4      | Found Kuwapsuu's Book Boutique.
  3141 | D:4      | Killed an ogre
  3142 | D:4      | Reached XP level 6. HP: 38/38 MP: 6/6
  3235 | D:4      | Reached skill level 4 in Maces & Flails
  3353 | D:4      | Found a staircase to the Ecumenical Temple.
  3375 | D:4      | Killed Pikel
  3376 | D:4      | Reached skill level 5 in Fighting
  3376 | D:4      | Reached skill level 5 in Maces & Flails
  3376 | D:4      | Reached skill level 5 in Shields
  3376 | D:4      | Reached XP level 7. HP: 30/44 MP: 7/7
  3483 | D:4      | Reached skill level 5 in Armour
  3505 | Temple   | Entered the Ecumenical Temple
  3521 | Temple   | Became a worshipper of Warmaster Okawaru
  3625 | D:4      | Reached XP level 8. HP: 46/49 MP: 8/8
  3845 | D:5      | Entered Level 5 of the Dungeon
  4939 | D:4      | Reached skill level 6 in Maces & Flails
  5202 | D:5      | Found a basalt altar of Yredelemnul.
  5209 | D:5      | Found a stormy altar of Qazlal.
  5209 | D:5      | Found a broken altar of Ashenzari.
  5215 | D:5      | Found a glowing silver altar of Zin.
  5216 | D:5      | Found a snail-covered altar of Cheibriados.
  5469 | D:5      | Reached * piety under Okawaru
  5854 | D:6      | Noticed a kobold demonologist
  5855 | D:6      | Noticed a red devil
  5866 | D:6      | Noticed a rust devil
  5867 | D:6      | Killed a kobold demonologist
  5868 | D:6      | Reached XP level 9. HP: 45/55 MP: 9/9
  6252 | D:6      | Reached skill level 7 in Maces & Flails
  6279 | D:6      | Reached ** piety under Okawaru
  6830 | D:6      | Noticed Blork the orc
  6855 | D:6      | Killed Blork the orc
  7401 | D:7      | Found a bloodstained altar of Trog.
  7456 | D:7      | Found a shimmering blue altar of Sif Muna.
  7463 | D:7      | Got Sif Muna's Compendium of Envenoming
  7624 | D:7      | Reached *** piety under Okawaru
  7625 | D:7      | Reached skill level 8 in Maces & Flails
  7625 | D:7      | Reached skill level 1 in Invocations
  7783 | D:7      | Noticed a two-headed ogre
  7783 | D:7      | Noticed a cyclops
  7825 | D:6      | Killed a two-headed ogre
  7826 | D:6      | Reached XP level 10. HP: 15/63 MP: 7/11
  8077 | D:7      | Killed a cyclops
  8287 | D:7      | Reached **** piety under Okawaru
  8534 | D:7      | Found Ukhlar's General Store.
  8543 | D:7      | Bought a potion of might for 48 gold pieces
  8543 | D:7      | Bought a scroll of identify for 24 gold pieces
  8543 | D:7      | Bought a scroll of identify for 24 gold pieces
  8543 | D:7      | Bought a scroll of identify for 24 gold pieces
  8543 | D:7      | Bought a potion of magic for 96 gold pieces
  9203 | D:8      | Noticed Erica
  9222 | D:8      | Killed Erica
  9223 | D:8      | Reached skill level 9 in Maces & Flails
  9223 | D:8      | Reached skill level 5 in Dodging
  9772 | D:9      | Killed an unseen horror
  9856 | D:9      | Noticed a two-headed ogre
  9872 | D:9      | Killed a two-headed ogre
  9872 | D:9      | Reached ***** piety under Okawaru
  9872 | D:9      | Identified the +10 hunting sling of Laceration {vorpal,
                  | rElec rF- Dex+2} (Okawaru gifted it to you on level 9 of
                  | the Dungeon)
  9872 | D:9      | Received a gift from Okawaru
  9873 | D:9      | Reached XP level 11. HP: 44/68 MP: 12/14
 10171 | D:9      | Noticed a two-headed ogre
 10175 | D:9      | Noticed a two-headed ogre
 10187 | D:9      | Killed a two-headed ogre
 10640 | D:9      | Killed a two-headed ogre
 10641 | D:9      | Reached skill level 10 in Maces & Flails
 10645 | D:9      | Found Oqutzuco's Antique Armour Boutique.
 10651 | D:9      | Noticed a tengu warrior
 10678 | D:9      | Killed a tengu warrior
 11192 | D:9      | Bought a pair of bloodstained gloves for 180 gold pieces
 11192 | D:9      | Identified the +0 pair of gloves of Crawling {rN+} (You
                  | bought it in a shop on level 9 of the Dungeon)
 11411 | D:9      | Identified the +0 mace of Distant Shores {vorpal, rPois rF+
                  | rC+ Dex-3 SInv} (Okawaru gifted it to you on level 9 of the
                  | Dungeon)
 11411 | D:9      | Received a gift from Okawaru
 11568 | D:10     | Entered Level 10 of the Dungeon
 11633 | D:10     | Reached skill level 5 in Invocations
 11852 | D:10     | Found Cheibriados's Comfort Zone.
 11854 | D:10     | Found a snail-covered altar of Cheibriados.
 11979 | D:10     | Noticed a two-headed ogre
 11992 | D:10     | Killed a two-headed ogre
 12417 | D:10     | Noticed a death yak
 12418 | D:10     | Noticed a death yak
 12419 | D:10     | Found a staircase to the Lair.
 12420 | D:10     | Noticed a death yak
 12492 | D:9      | Killed a death yak
 12591 | D:9      | Killed a death yak
 12632 | D:10     | Killed a death yak
 12633 | D:10     | Reached XP level 12. HP: 37/75 MP: 16/16
 13525 | D:11     | Reached skill level 11 in Maces & Flails
 13686 | D:11     | Noticed Fannar
 13933 | D:11     | Received a gift from Okawaru
 14041 | D:11     | Killed Fannar
 14078 | D:11     | Noticed a two-headed ogre
 14090 | D:11     | Killed a two-headed ogre
 14322 | D:11     | Noticed Maurice
 14344 | D:11     | Killed Maurice
 14404 | D:11     | Got the Guide on the Toxic Voyage
 14427 | D:11     | Found Xykhlucik's Jewellery Shop.
 14653 | D:9      | Bought a warped scale mail for 171 gold pieces
 14653 | D:9      | Identified the +5 scale mail of the New World {rElec rF+
                  | Will- Int+6} (You bought it in a shop on level 9 of the
                  | Dungeon)
 15185 | D:12     | Noticed a seven-headed hydra
 15455 | D:12     | Found a staircase to the Orcish Mines.
 15689 | D:12     | Killed a seven-headed hydra
 15689 | D:12     | Received a gift from Okawaru
 15919 | D:12     | Noticed a five-headed hydra
 15926 | D:12     | Killed a five-headed hydra
 15983 | D:12     | Noticed a centaur warrior
 15989 | D:12     | Killed a centaur warrior
 15990 | D:12     | Reached skill level 12 in Maces & Flails
 16084 | D:12     | Noticed a two-headed ogre
 16089 | D:12     | Killed a two-headed ogre
 16090 | D:12     | Reached XP level 13. HP: 61/82 MP: 18/18
 16094 | D:12     | Noticed a storm dragon
 16099 | D:12     | Killed from afar by a meliai

Illustrated notes

Levels and vault maps discovered:
D:1:      kennysheep_arrival_forest, layout_basic, kennysheep_boxes
D:2:      minmay_wonky_spiral, layout_rooms, serial_shops, shop, hex_medium
D:3:      layout_loops_cross, basic_ecumenical_altar, kennysheep_jessica_study,
          uniq_crazy_yiuf_cottage
D:4:      layout_rooms, minmay_temple_entry_proselytizer, serial_shops,
          nicolae_shop_trees, minmay_misc_feat_columns, uniq_pikel
D:5:      layout_loops_cross, grunt_temple_overflow_open
D:6:      layout_loops_ring, uniq_blork_the_orc
D:7:      kennysheep_big_flooded_room, layout_loops_corners,
          nzn_overflow_gifts_of_might_and_magic, serial_shops,
          nicolae_shop_crystal
D:8:      layout_rooms, uniq_erica
D:9:      layout_basic, serial_shops, nicolae_shop_hallway_plus
D:10:     layout_stronghold, dpeg_lair_monsters, minmay_liquid_box,
          minmay_shop_chei, serial_bayou_pond_e, grunt_ministairs_8,
          kennysheep_crisscross
D:11:     cheibrodos_helix_gallery, layout_basic, serial_shops,
          nicolae_diamond_shop, uniq_maurice, uniq_fannar
D:12:     layout_loops_ring, orc_0_dummy, minivault_16, minmay_evil_grid
Temple:   minmay_freezing_vapour_temple

Skill      XL: |  1  2  3  4  5  6  7  8  9 10 11 12 |
---------------+-------------------------------------+-----
Maces & Flails | 3 5 6 8 9 10 12 | 12.1
Dodging        | 1 2 3 4 5 6 |  6.9
Fighting       | 4 5 6 7 8 9 |  9.9
Shields        | 4 5 6 7 8 9 |  9.8
Armour         | 4 5 6 7 8 9 |  9.8
Invocations    | 2 4 5 7 |  7.0

Action                   |  1- 3 |  4- 6 |  7- 9 | 10-12 | 13-15 || total
-------------------------+-------+-------+-------+-------+-------++-------
Melee: Flail             |   115 |   186 |   394 |   740 |     6 ||  1441
Throw: Throwing net      |       |       |       |     3 |       ||     3
Invok: Heroism           |       |       |     1 |    10 |       ||    11
Evoke: Wand              |       |     4 |     4 |     3 |     1 ||    12
  Use: Scroll            |     3 |     5 |     4 |    10 |     1 ||    23
       Potion            |       |       |       |     1 |       ||     1
 Stab: Held in net/web   |       |       |       |     2 |       ||     2
       Distracted        |       |       |       |     1 |       ||     1
Armor: Scale mail        |    52 |   110 |   159 |   314 |     1 ||   636
Dodge: Dodged            |    51 |    83 |   197 |   357 |     2 ||   690
Block: Buckler           |    29 |    39 |   102 |   163 |       ||   333
       Kite shield       |       |       |       |   211 |     3 ||   214
